 Dungeon Crawl Stone Soup version 0.20.1-1-g8b1a95d (webtiles) character file.

43994 Larett the Severer (level 13, -6/137 HPs)
             Began as a Minotaur Berserker on Aug 21, 2017.
             Was a High Priest of Trog.
             Mangled by a dire elephant (25 damage)
             ... on level 6 of the Lair of Beasts on Aug 22, 2017.
             The game lasted 01:15:05 (19394 turns).

Larett the Severer (Minotaur Berserker)            Turns: 19394, Time: 01:15:05

Health: -6/137     AC: 24    Str: 24    XL:     13   Next: 93%
Magic:  9/9        EV: 12    Int:  4    God:    Trog [*****.]
Gold:   736        SH:  0    Dex: 16    Spells: 12/12 levels left

rFire    + . .     SeeInvis .   a - +5 broad axe (protect) {god gift}
rCold    + + .     Gourm    .   (no shield)
rNeg     . . .     Faith    .   Z - +2 leather armour of Mepp {*Contam rPois Slay+3}
rPois    +         Spirit   .   (helmet unavailable)
rElec    .         Reflect  .   E - scarf {rC+ rF+}
rCorr    .         Harm     .   d - +0 pair of gloves
MR       .....     Rnd*Rage +   f - +2 pair of boots
Stlth    +.........             (no amulet)
Regen    0.4/turn               B - ring of Okhiv {rC+ Str+3}
MPRegen  0.2/turn               O - ring of Robustness {AC+8}

@: protection aura, hasted, very quick
A: retaliatory headbutt, horns 3, agile 1, berserk 1, low mp 2, screaming 1,
weak 1
a: Berserk, Trog's Hand, Brothers in Arms, Burn Spellbooks, Renounce Religion


You were on level 6 of the Lair of Beasts.
You worshipped Trog.
Trog was extremely pleased with you.
You were hungry.

You visited 4 branches of the dungeon, and saw 19 of its levels.
You also visited: Labyrinth and Ice Cave.

You collected 1144 gold pieces.
You spent 408 gold pieces at shops.

Inventory:

Hand Weapons
 a - a +5 broad axe of protection (weapon) {god gift}
 b - a +0 hunting sling of freezing
 e - a +4 hand axe of electrocution
 y - the +5 hand axe of Igeneew {god gift, drain, Str+4}
   (Trog gifted it to you on level 6 of the Lair of Beasts)

   A truly terrible weapon, it drains the life of those it strikes.
   It affects your strength (+4).
 C - a +1 shortbow of velocity
 H - a +4 antimagic battleaxe {god gift}
 L - a +2 mace of protection
Missiles
 k - 72 sling bullets
 r - 391 stones (quivered)
 x - 448 arrows
 V - 82 bolts
Armour
 d - a +0 pair of gloves (worn)
 f - a +2 pair of boots (worn)
 o - a +2 robe of magic resistance
 v - a +2 large shield
 E - a scarf of resistance (worn)
 Z - the +2 leather armour of Mepp (worn) {*Contam rPois Slay+3}
   (You found it on level 4 of the Dungeon)

   It affects your accuracy and damage with ranged weapons and melee attacks
   (+3).
   It protects you from poison.
   It causes magical contamination when unequipped.
Jewellery
 i - a +2 ring of evasion
 l - an uncursed ring of flight
 p - an uncursed ring of positive energy
 B - the ring of Okhiv (left hand) {rC+ Str+3}
   (You found it in a labyrinth)

   [ring of protection from cold]

   It affects your strength (+3).
   It protects you from cold.
 N - an uncursed ring of fire
 O - the ring of Robustness (right hand) {AC+8}
   (You found it on level 4 of the Dungeon)

   [ring of protection]

   It affects your AC (+8).
 W - an uncursed ring of ice
Wands
 g - a wand of iceblast (6/15)
 m - a wand of iceblast (8/15)
 A - a wand of acid (13/15)
 D - a wand of digging (10/24)
 I - a wand of iceblast (15/15)
 K - a wand of scattershot (3/9)
 S - a wand of scattershot (8/9)
Scrolls
 h - 7 scrolls of remove curse
 j - 2 scrolls of holy word
 n - 4 scrolls of blinking
 w - a scroll of fog
 M - 3 scrolls of magic mapping
 P - 5 scrolls of fear
 R - a scroll of summoning
 T - 9 scrolls of teleportation
Potions
 s - a potion of resistance
 t - 5 potions of agility
 F - 2 potions of haste
 G - 3 potions of heal wounds
 J - 4 potions of lignification
 Q - 3 potions of curing
Miscellaneous
 U - 2 boxes of beasts
 Y - a lamp of fire
Comestibles
 c - 12 bread rations
 q - 20 chunks of flesh {@w1}
 u - 12 fruits
 z - 14 meat rations
 X - 6 royal jellies


   Skills:
 + Level 19.1 Fighting
 + Level 19.3 Axes
 - Level 2.4 Armour
 - Level 2.1 Dodging


You had 12 spell levels left.
You didn't know any spells.

Dungeon Overview and Level Annotations

Branches:
Dungeon (11/15)            Temple (1/1) D:5            Lair (6/6) D:11
  Swamp (0/4) Lair:3        Snake (0/4) Lair:4        Slime (0/5) Lair:5
    Orc (1/2) D:11

Altars:
Ashenzari
Cheibriados
Elyvilon
Gozag
Okawaru
Sif Muna
Xom
Yredelemnul
Zin
The Shining One

Shops:
D:7 *}


Innate Abilities, Weirdness & Mutations

You reflexively headbutt those who attack you in melee.
You have a pair of large horns on your head.
You are agile. (Dex +2)
You tend to lose your temper in combat.
Your magical capacity is very low. (-20% MP)
You occasionally shout uncontrollably at your foes.
You are weak. (Str -2)


Message History

* * * LOW HITPOINT WARNING * * *
You stumble backwards!
You hit the dire elephant.
The dire elephant is almost dead.
You completely miss the polar bear.
The merfolk avatar chants its luring song.
The dire elephant tramples you but does no damage.
The dire elephant trunk-slaps you!
* * * LOW HITPOINT WARNING * * *
You feel much better. The polar bear closely misses you.
The polar bear claws you but does no damage.
The polar bear closely misses you.
The merfolk avatar chants its luring song.
The dire elephant tramples you!
* * * LOW HITPOINT WARNING * * *
You stumble backwards!
You feel yourself speed up.
You are no longer entranced.
The dire elephant tramples you!!
You die...

*######** *#.#...#,* ####
####.......******* ###..#####
#.#P.......,,,,,,*** #..=...#.##
*.#........,,,,,,,,* ##.........#
*#.........,,,,,,,,, #........#.#
##.........,,,,,,,,, ..........##
#.#@.......,,,,,,,,, ...........#
*#YYh......,,,,,,,,,
.<.........##*#.........,,,,,,**,
............##.#........,,,,,,**,
...........#####†.......,,,,,,**,
............#≈#†††......,,,,,,**,
......<...≈.≈≈≈≈≈P≈≈P≈..≈,,,,≈≈,,
.........##≈≈##mP##≈≈..≈≈**≈≈,,≈,
........≈##≈≈##≈≈#*≈≈#.≈≈**≈≈**≈,


You could see a dire elephant, a merfolk avatar, an elephant and a polar bear.

Vanquished Creatures
  Kirke (Lair:5)
  Nessos (Lair:4)
  A minotaur (Lab)
  The ghost of Saba the Crack Shot, a journeyman CeHu of Okawaru (Lair:2)
  2 catoblepae
  A two-headed ogre (D:8)
  3 hydras
  3 death yaks (Lair:1)
  An unseen horror (D:11)
  Pikel (D:9)
  A lindwurm (Lair:4)
  A harpy (Lair:6)
  An oklob plant (D:6)
  3 ugly things
  4 black mambas
  3 ice statues (IceCv)
  13 elephants
  2 gargoyles (D:11)
  7 spiny frogs
  A rime drake (Lair:2)
  A centaur skeleton (D:11)
  6 komodo dragons
  2 polar bears (Lair:6)
  2 trolls (D:11)
  2 hornets
  A queen bee (shapeshifter) (D:10)
  8 blink frogs (Lair:5)
  6 hippogriffs
  Sigmund (D:6)
  A wraith (D:11)
  2 shadows
  23 yaks
  3 wyverns
  3 fire bats (Lair:3)
  A hog (Lair:5)
  A steam dragon (Lair:5)
  A basilisk (Lair:3)
  A fire elemental (Lair:3)
  A hungry ghost (D:11)
  Eustachio (D:6)
  10 water moccasins
  9 porcupines
  5 orc warriors
  3 sky beasts
  2 slaves (D:9)
  An eye of draining (D:11)
  7 ice beasts
  8 ogres
  8 centaurs
  5 wolves
  16 crocodiles
  A big kobold (D:10)
  11 bullfrogs
  A wyvern zombie (D:11)
  A water moccasin zombie (D:9)
  4 scorpions
  3 killer bees (D:10)
  6 wights
  2 electric eels (Lair:1)
  2 howler monkeys
  3 crimson imps
  5 lava snakes
  A centaur zombie (D:11)
  5 hounds
  A bullfrog zombie (D:5)
  16 jellies
  10 orc wizards
  Crazy Yiuf (D:2)
  8 orc priests
  A bullfrog skeleton (D:6)
  2 iguanas
  9 worker ants
  A killer bee zombie (D:6)
  A hound zombie (D:10)
  A howler monkey zombie (D:5)
  A worker ant zombie (D:10)
  Robin (D:2)
  4 gnolls (D:8)
  19 adders
  3 shadow imps
  An adder skeleton (D:4)
  5 worms
  A dart slug (D:2)
  4 leopard geckos
  34 orcs
  4 ball pythons
  A giant cockroach (D:4)
  15 goblins
  6 hobgoblins
  2 jackals (D:3)
  7 kobolds
  8 quokkas
  8 bats
  3 frilled lizards
  6 rats
  3 plants
424 creatures vanquished.

Vanquished Creatures (others)
  A human (Lair:5)
  A slave (D:9)
  A hound (D:9)
  2 jellies
  A bush (Lair:1)
  2 fungi (Lair:5)
  5 plants
13 creatures vanquished.

Grand Total: 437 creatures vanquished

Notes
Turn   | Place    | Note
-------+----------+-------------------------------------------
     0 | D:1      | Larett the Minotaur Berserker began the quest for the Orb.
     0 | D:1      | Reached XP level 1. HP: 19/19 MP: 0/0
   619 | D:2      | Reached XP level 2. HP: 24/27 MP: 1/1
   757 | D:2      | Noticed Robin
   760 | D:2      | Reached XP level 3. HP: 34/34 MP: 2/2
   771 | D:2      | Killed Robin
   779 | D:2      | Reached ** piety under Trog
   895 | D:2      | Reached XP level 4. HP: 25/41 MP: 3/3
  1028 | D:2      | Found a runed door.
  1107 | D:2      | Noticed Crazy Yiuf
  1111 | D:2      | Killed Crazy Yiuf
  1597 | D:3      | Found a shattered altar of Ashenzari.
  1611 | D:3      | Noticed an orc warrior
  1652 | D:2      | Killed an orc warrior
  1652 | D:2      | Reached skill level 6 in Fighting
  1652 | D:2      | Reached skill level 6 in Axes
  1652 | D:2      | Reached XP level 5. HP: 45/50 MP: 4/4
  1759 | D:3      | Reached XP level 6. HP: 57/57 MP: 5/5
  2638 | D:4      | Got a jewelled leather armour
  2649 | D:4      | Identified the +2 leather armour of Mepp {*Contam rPois Slay+3} (You found it on level 4 of the Dungeon)
  2965 | D:4      | Noticed a wyvern
  2974 | D:4      | Killed a wyvern
  2974 | D:4      | Reached XP level 7. HP: 56/66 MP: 6/6
  3104 | D:5      | Entered Level 5 of the Dungeon
  3123 | D:4      | Reached *** piety under Trog
  3867 | D:5      | Found a staircase to the Ecumenical Temple.
  3877 | Temple   | Entered the Ecumenical Temple
  4150 | D:6      | Reached XP level 8. HP: 73/75 MP: 7/7
  4216 | D:6      | Reached skill level 9 in Axes
  4231 | D:6      | Reached skill level 9 in Fighting
  4322 | D:6      | Found a white marble altar of Elyvilon.
  4322 | D:6      | Noticed an oklob plant
  4462 | D:6      | Noticed Eustachio
  4496 | D:6      | Killed Eustachio
  4581 | D:6      | Killed an oklob plant
  4843 | D:6      | Noticed Sigmund
  4847 | D:6      | Reached XP level 9. HP: 69/86 MP: 8/8
  4851 | D:6      | Killed Sigmund
  4911 | D:6      | Found a glowing silver altar of Zin.
  4917 | D:6      | Found a glowing golden altar of the Shining One.
  4917 | D:6      | Found a snail-covered altar of Cheibriados.
  4917 | D:6      | Found an iron altar of Okawaru.
  4921 | D:6      | Found a basalt altar of Yredelemnul.
  4922 | D:6      | Found a shimmering altar of Xom.
  5435 | D:7      | Found Hysihel's Gadget Shop.
  5445 | D:7      | Bought a wand of iceblast (8/15) for 168 gold pieces
  5759 | D:7      | Found Dufan's Island Escapes.
  5964 | D:8      | Noticed a two-headed ogre
  5977 | D:8      | Killed a two-headed ogre
  5977 | D:8      | Reached skill level 12 in Fighting
  5977 | D:8      | Reached skill level 12 in Axes
  6374 | D:8      | Reached **** piety under Trog
  6576 | D:8      | Reached XP level 10. HP: 99/99 MP: 9/9
  7059 | D:9      | Noticed Pikel
  7075 | D:9      | Killed Pikel
  7078 | D:9      | Found a deep blue altar of Sif Muna.
  7224 | D:7      | Bought a scroll of blinking for 120 gold pieces
  7224 | D:7      | Bought a scroll of blinking for 120 gold pieces
  7544 | D:9      | Found a shattered altar of Ashenzari.
  7797 | D:10     | Entered Level 10 of the Dungeon
  7937 | D:10     | Gained mutation: You have a pair of large horns on your head. [mutagenic meat]
  7938 | D:10     | Gained mutation: Your magical capacity is low. (-10% MP) [mutagenic meat]
  7939 | D:10     | Gained mutation: You are agile. (Dex +2) [mutagenic meat]
  8071 | D:10     | Noticed a purple ugly thing
  8078 | D:10     | Killed a purple ugly thing
  8093 | D:10     | Lost mutation: Your magical capacity is low. (-10% MP) [mutagenic meat]
  8094 | D:10     | Gained mutation: You tend to lose your temper in combat. [mutagenic meat]
  8096 | D:10     | Gained mutation: You occasionally shout uncontrollably at your foes. [mutagenic meat]
  8266 | D:10     | Reached ***** piety under Trog
  8577 | D:10     | Found an opulent altar of Gozag.
  9305 | D:11     | Reached XP level 11. HP: 110/110 MP: 10/10
  9428 | D:11     | Found a staircase to the Orcish Mines.
  9525 | Orc:1    | Entered Level 1 of the Orcish Mines
  9692 | D:11     | Gained mutation: You are weak. (Str -2) [mutagenic glow]
  9960 | D:11     | Gained mutation: Your magical capacity is low. (-10% MP) [mutagenic meat]
 10310 | D:11     | Found a staircase to the Lair.
 10528 | D:11     | Reached skill level 15 in Axes
 10804 | D:11     | Reached skill level 15 in Fighting
 11350 | D:11     | Killed an unseen horror
 11538 | Lair:1   | Entered Level 1 of the Lair of Beasts
 11596 | Lair:1   | Received a gift from Trog
 11947 | Lair:1   | Noticed a catoblepas
 11964 | Lair:1   | Killed a catoblepas
 12701 | Lair:2   | Found a frozen archway.
 12726 | Lair:2   | Noticed a death yak
 12728 | Lair:2   | Noticed a death yak
 12729 | Lair:2   | Noticed a death yak
 12739 | IceCv    | Entered an ice cave
 12764 | IceCv    | Noticed a white ugly thing
 12776 | IceCv    | Killed a white ugly thing
 12819 | IceCv    | Reached XP level 12. HP: 93/122 MP: 9/9
 13282 | Lair:1   | Killed a death yak
 13284 | Lair:1   | Killed a death yak
 13692 | Lair:2   | Noticed a catoblepas
 13727 | Lair:2   | Killed a catoblepas
 13732 | Lair:2   | Noticed Saba's ghost (journeyman CeHu)
 13883 | Lair:1   | Killed a death yak
 14088 | Lair:2   | Killed Saba's ghost
 15166 | Lair:3   | Received a gift from Trog
 15232 | Lair:3   | Noticed an eight-headed hydra
 15240 | Lair:3   | Killed an eight-headed hydra
 15254 | Lair:3   | Found a staircase to the Swamp.
 15593 | Lair:3   | Noticed a seven-headed hydra
 15603 | Lair:3   | Killed a seven-headed hydra
 15885 | Lair:3   | Reached XP level 13. HP: 125/134 MP: 10/10
 16408 | Lair:4   | Found a labyrinth entrance.
 16427 | Lab      | Entered a labyrinth
 16918 | Lab      | Noticed a minotaur
 16923 | Lab      | Killed a minotaur
 16925 | Lab      | Identified the Reference Book on Glacial Summoning
 16925 | Lab      | Identified the Disquisition on Confrontation
 16925 | Lab      | Identified the Guide on the Unstable Voyage
 16925 | Lab      | Identified Linoil's Disquisition on Creative Attacks
 16926 | Lab      | Got a warped amber ring
 16941 | Lab      | Got a brightly glowing great sword
 16948 | Lab      | Identified the +2 great sword of the Saviour {protect, MR++ Int+6} (You found it in a labyrinth)
 16951 | Lab      | Identified the ring of Okhiv {rC+ Str+3} (You found it in a labyrinth)
 16999 | Lair:4   | Noticed Nessos
 17015 | Lair:4   | Killed Nessos
 17015 | Lair:4   | Reached skill level 18 in Axes
 17223 | Lair:4   | Reached skill level 18 in Fighting
 17365 | Lair:4   | Found a staircase to the Snake Pit.
 17870 | Lair:4   | Received a gift from Trog
 18405 | Lair:5   | Gained mutation: Your magical capacity is very low. (-20% MP) [mutagenic glow]
 18645 | Lair:5   | Found a staircase to the Slime Pits.
 18727 | Lair:5   | Noticed Kirke
 18738 | Lair:5   | Killed Kirke
 19258 | Lair:6   | Entered Level 6 of the Lair of Beasts
 19266 | Lair:6   | Received a gift from Trog
 19272 | Lair:6   | Got a dazzling hand axe {god gift}
 19301 | Lair:6   | Identified the +5 hand axe of Igeneew {god gift, drain, Str+4} (Trog gifted it to you on level 6 of the Lair of Beasts)
 19374 | Lair:6   | Noticed a dire elephant
 19382 | Lair:6   | Paralysed by a hornet for 1 turns
 19394 | Lair:6   | Mangled by a dire elephant

Skill      XL: |  1  2  3  4  5  6  7  8  9 10 11 12 13 |
---------------+----------------------------------------+-----
Axes           | 4 5 6 7 8 10 12 14 16 17 19 | 19.3
Fighting       | 4 6 7 8 10 12 14 15 17 19 | 19.1
Armour         | |  2.4
Dodging        | |  2.1

Action                   |  1- 3 |  4- 6 |  7- 9 | 10-12 | 13-15 || total
-------------------------+-------+-------+-------+-------+-------++-------
Melee: Hand axe          |    61 |    39 |    10 |   191 |     3 ||   304
       Headbutt          |    12 |    11 |    29 |   103 |    56 ||   211
       Quarterstaff      |       |    20 |       |       |       ||    20
       War axe           |       |       |    97 |   102 |       ||   199
       Broad axe         |       |       |       |   135 |   184 ||   319
       Mace              |       |       |       |     9 |     5 ||    14
       Battleaxe         |       |       |       |       |     4 ||     4
 Fire: Hunting sling     |       |    65 |   142 |   129 |    11 ||   347
Invok: Trog's Hand       |       |     2 |     3 |     1 |     2 ||     8
       Berserk           |       |     1 |     1 |     1 |     1 ||     4
       Burn Spellbooks   |       |     1 |     1 |     5 |     2 ||     9
 Abil: Evoke Flight      |       |       |       |     1 |       ||     1
Evoke: Wand              |       |       |     1 |       |       ||     1
  Use: Scroll            |       |       |     6 |    18 |    13 ||    37
       Potion            |       |       |     9 |     5 |     5 ||    19
  Eat: Chunk             |       |     8 |    13 |    37 |     8 ||    66
       Fruit             |       |       |       |     2 |       ||     2
       Royal jelly       |       |       |       |     1 |       ||     1
       Bread ration      |       |       |       |       |     1 ||     1
Armor: Animal skin       |     3 |       |       |       |       ||     3
       Scale mail        |    16 |    14 |       |       |       ||    30
       Chain mail        |       |    26 |       |       |       ||    26
       Leather armour    |       |     3 |    48 |   151 |   135 ||   337
       Skin              |       |       |     5 |       |       ||     5
Dodge: Dodged            |    29 |    43 |    19 |   145 |   101 ||   337
Block: Large shield      |       |       |    89 |   231 |    52 ||   372
